 Dungeon Crawl Stone Soup version 0.31.0-11-ge490571c62 (webtiles) character file.

Game seed: 104029283902383793

245 qw the Shooter (level 5, -4/26 (27) HPs)
             Began as a Spriggan Hunter on Feb 4, 2024.
             Slain by a water moccasin zombie (6 damage)
             ... in an ossuary.
             The game lasted 00:00:09 (2767 turns).

qw the Shooter (Spriggan Hunter)                    Turns: 2767, Time: 00:00:09

HP:   -4/26 (27)    AC:  2    Str: 11      XL:     5   Next: 83%
MP:   6/6           EV: 19    Int:  8 (10) God:
Gold: 41            SH:  0    Dex: 17 (19) Spells: 4/4 levels left

rFire   + . .        i - +0 orcbow
rCold   + . .        (shield currently unavailable)
rNeg    + . .        c - +0 robe
rPois   .            (helmet restricted)
rElec   .            d - scarf {rC+ rF+}
rCorr   .            (gloves unavailable)
SInv    +            (boots unavailable)
Will    .....        (no amulet)
Stlth   ++           l - ring of positive energy
HPRegen 0.24/turn    (no ring)
MPRegen 0.10/turn

%: no passive effects
@: lightly drained, very quick
A: very small, no large weapons, unfitting armour, see invisible, speed 3,
deterioration 1, strong 1
a: no special abilities


You were in an ossuary.
You visited 1 branch of the dungeon, and saw 4 of its levels.
You also visited: Ossuary.

You collected 191 gold pieces.
You spent 150 gold pieces at shops.


Innate Abilities, Weirdness & Mutations

You are very small and have problems with some larger weapons.
You are too small for most types of armour.
You have supernaturally acute eyesight. (SInv)
You cover ground extremely quickly. (Speed+++)
Your body sometimes deteriorates upon taking damage.
Your muscles are strong. (Str +4, Int/Dex -1)


   Skills:
 - Level 2.7 Fighting
 - Level 6.0 Ranged Weapons
 + Level 4.2 Dodging
 - Level 1.5 Stealth


You had 4 spell levels left.
You didn't know any spells.
Your spell library was empty.

Inventory:

Hand Weapons
 i - a +0 orcbow (weapon)
Armour
 c - a +0 robe (worn)
 d - a scarf of resistance (worn)
Jewellery
 l - a ring of positive energy (left hand)
Potions
 b - a potion of haste
 e - 2 potions of enlightenment
 f - 3 potions of curing
 g - a potion of heal wounds {unknown}
 h - a potion of lignification {unknown}
 j - a potion of berserk rage {unknown}
 k - a potion of might
 m - a potion of cancellation {unknown}

Dungeon Overview and Level Annotations

Branches:
Dungeon (4/15)            Ossuary (1/1)
 Temple: D:4-7

Altars:
Fedhas

Shops:
D:3 !


Message History

You shoot an arrow.
The arrow hits the water moccasin zombie!
The water moccasin zombie is moderately damaged.
The water moccasin zombie closely misses you.
The gnoll zombie completely misses you. The water moccasin zombie bites you.
You shoot an arrow.
The arrow hits the water moccasin zombie.
The water moccasin zombie is heavily damaged.
The water moccasin zombie closely misses you.
The gnoll zombie misses you.
You shoot an arrow.
The arrow hits the water moccasin zombie.
The water moccasin zombie is heavily damaged.
The water moccasin zombie bites you. The gnoll zombie hits you.
The water moccasin zombie closely misses you.
You shoot an arrow.
The arrow barely misses the water moccasin zombie.
The arrow hits the water moccasin zombie.
The water moccasin zombie is lightly damaged.
The water moccasin zombie closely misses you.
The gnoll zombie barely misses you.
You shoot an arrow.
The arrow hits the water moccasin zombie.
The water moccasin zombie is severely damaged.
The water moccasin zombie barely misses you.
The gnoll zombie hits you.
You shoot an arrow.
The arrow closely misses the water moccasin zombie. x2
The water moccasin zombie closely misses you.
The water moccasin zombie bites you but does no damage.
The gnoll zombie barely misses you.
You shoot an arrow.
The arrow hits the water moccasin zombie!
The water moccasin zombie is almost destroyed.
The water moccasin zombie bites you. The gnoll zombie misses you.
You shoot an arrow.
The arrow closely misses the water moccasin zombie.
The arrow barely misses the water moccasin zombie.
The water moccasin zombie bites you.
You die...

### #########
#!!!!#...#..\#
+!$[?#.\.'...#
#!!?!#...#...#
### #####...#
#...# ###@#


#ZZZ# #.ZZ# #...# #...# ##+## You could see 2 water moccasin zombies, a jackal
zombie, a gnoll zombie and an orc zombie.

Vanquished Creatures
  A scorpion (D:3)
  An orc priest (D:3)
  A spectral scorpion (Ossuary)
  An iguana (D:4)
  2 adders (D:3)
  2 adder zombies (Ossuary)
  A dart slug (D:1)
  2 ribbon worms (D:3)
  5 orcs (D:3)
  5 ball pythons
  8 bats
  9 endoplasms
  3 giant cockroaches
  A gnoll zombie (Ossuary)
  3 hobgoblins
  4 jackals
  2 quokkas (D:3)
  2 frilled lizards (D:1)
  6 goblins
  6 kobolds
  2 rats
67 creatures vanquished.

Notes
Turn   | Place    | Note
-------+----------+-------------------------------------------
     0 | D:1      | qw the Spriggan Hunter began the quest for the Orb.
     0 | D:1      | Reached XP level 1. HP: 10/10 MP: 2/2
     0 | D:1      | 0 ||| qw: Version: 0.3-a-160-g6735b56
     0 | D:1      | 0 ||| qw: Game counter: 4752
     0 | D:1      | 0 ||| qw: Melee chars always use a shield: true
     0 | D:1      | 0 ||| qw: God list: Okawaru
     0 | D:1      | 0 ||| qw: Allow faded altars: false
     0 | D:1      | 0 ||| qw: Do Orc after clearing Dungeon:15 true
     0 | D:1      | 0 ||| qw: Do second Lair branch before Depths: true
     0 | D:1      | 0 ||| qw: Lair rune preference: random
     0 | D:1      | 0 ||| qw: Goals: Normal
     0 | D:1      | 0 ||| PLANNING D:1-11
    78 | D:1      | Reached skill level 3 in Dodging
   407 | D:1      | Reached XP level 2. HP: 14/14 MP: 3/3
   823 | D:1      | 823 ||| UPGRADING to ring of positive energy.
   824 | D:1      | 824 ||| READING scroll labelled YMA MU GAF DIL.
   824 | D:1      | 824 ||| IDENTIFYING murky blue potion
   825 | D:1      | 825 ||| READING scroll labelled SEBRUXAQEYNK.
   826 | D:1      | 826 ||| READING scroll labelled SENAR RUAMEBU.
   927 | D:1      | 927 ||| READING scroll labelled KIMNED TYRA.
   928 | D:1      | 928 ||| READING scroll labelled IPLAWYS ONISUTOA.
   928 | D:1      | 928 ||| ENCHANTING +0 shortbow.
   929 | D:1      | 929 ||| READING scroll labelled SEOSTR YSUALOPN.
   929 | D:1      | 929 ||| BRANDING +1 shortbow.
   930 | D:1      | 930 ||| DRINKING 2 metallic ruby potions.
   930 | D:1      | Gained mutation: Your health recovers twice as slowly from
                  | being drained. [potion of mutation]
   930 | D:1      | Gained mutation: You do not regenerate when monsters are
                  | visible. [potion of mutation]
   930 | D:1      | Gained mutation: You have an increased reservoir of magic.
                  | (+10% MP) [potion of mutation]
   930 | D:1      | Gained mutation: Your muscles are strong. (Str +4, Int/Dex
                  | -1) [potion of mutation]
   931 | D:1      | 931 ||| DRINKING potion of mutation.
   931 | D:1      | Lost mutation: You do not regenerate when monsters are
                  | visible. [potion of mutation]
   931 | D:1      | Lost mutation: You have an increased reservoir of magic.
                  | (+10% MP) [potion of mutation]
   931 | D:1      | Gained mutation: Your body sometimes deteriorates upon
                  | taking damage. [potion of mutation]
   931 | D:1      | Lost mutation: Your health recovers twice as slowly from
                  | being drained. [potion of mutation]
   932 | D:1      | 932 ||| DROPPING scroll of butterflies.
  1100 | D:2      | Reached XP level 3. HP: 18/18 MP: 4/4
  1330 | D:2      | 1330 ||| SWAPPING to +0 orcbow.
  1331 | D:2      | 1331 ||| DROPPING +1 heavy shortbow.
  1637 | D:2      | 1637 ||| UPGRADING to scarf of resistance.
  1642 | D:2      | 1642 ||| READING scroll labelled EZODGH NIUBUAL.
  1643 | D:2      | 1643 ||| DRINKING 2 red potions.
  1644 | D:2      | 1644 ||| DROPPING potion of degeneration.
  1802 | D:3      | Reached skill level 5 in Ranged Weapons
  1919 | D:3      | Reached XP level 4. HP: 22/22 MP: 5/5
  1977 | D:3      | Found Saipn's Distillery.
  1983 | D:3      | 1983 ||| BUYING potion of curing (30 gold).
  1983 | D:3      | Bought a potion of curing for 30 gold pieces
  1983 | D:3      | 1983 ||| BUYING potion of curing (30 gold).
  1983 | D:3      | Bought a potion of curing for 30 gold pieces
  1983 | D:3      | 1983 ||| BUYING potion of enlightenment (50 gold).
  1983 | D:3      | Bought a potion of enlightenment for 50 gold pieces
  1983 | D:3      | 1983 ||| SHOPLISTING potion of heal wounds (50 gold, have
                  | 43).
  1983 | D:3      | 1983 ||| BUYING potion of might (40 gold).
  1983 | D:3      | Bought a potion of might for 40 gold pieces
  1983 | D:3      | 1983 ||| SHOPLISTING potion of mutation (80 gold, have 3).
  2037 | D:3      | Noticed a scorpion
  2048 | D:3      | HP: 5/23 [scorpion (1)]
  2054 | D:3      | Killed a scorpion
  2247 | D:3      | Reached XP level 5. HP: 27/27 MP: 6/6
  2252 | D:3      | Found a blossoming altar of Fedhas.
  2587 | D:3      | 2587 ||| READING scroll labelled EGULOA HOPH.
  2590 | D:3      | 2590 ||| DRINKING 2 glowing pink potions.
  2602 | D:4      | 2602 ||| PLANNING OSSUARY
  2665 | D:4      | Found a sand-covered staircase.
  2675 | Ossuary  | Entered an ossuary
  2687 | Ossuary  | Reached skill level 6 in Ranged Weapons
  2753 | Ossuary  | 2753 ||| RETREEEEATING.
  2766 | Ossuary  | HP: 2/26 [water moccasin zombie (6)]
  2767 | Ossuary  | Slain by a water moccasin zombie

Levels and vault maps discovered:
D:1:      dpeg_arrival_leaves_temple_mockup, layout_loops_corners
D:2:      layout_loops_ring, kennysheep_flooded_box,
          chequers_hall_statues_corner_a
D:3:      layout_loops_cross, fedhas_altar_1, serial_shops,
          nicolae_shop_industrial_runoff, minmay_parallelograms, minmay_unequal
D:4:      layout_gridville, minmay_temple_entry_trees,
          nicolae_ossuary_entry_ruins
Ossuary:  ossuary_tomb_2

Skill      XL: |  1  2  3  4  5 |
---------------+----------------+-----
Dodging        | 3 4 |  4.2
Ranged Weapons | 5 6 |  6.0
Fighting       | 2 |  2.7
Stealth        | |  1.5

Action                     |  1- 3 |  4- 6 || total
---------------------------+-------+-------++-------
   Fire: Shortbow          |    58 |       ||    58
         Orcbow            |    42 |    97 ||   139
    Use: Scroll            |     7 |     1 ||     8
         Potion            |     3 |     1 ||     4
 Armour: Robe              |    13 |    28 ||    41
  Dodge: Dodged            |    40 |    47 ||    87

Table legend:
 A = Non-vault XP
 B = Vault XP
 C = Vault XP percentage of total XP
 D = Non-vault monster count
 E = Vault monster count
 F = Vault count percentage of total count
                 A         B        C        D         E       F
            +---------+---------+-------+---------+---------+-------
      Total |     277 |      73 |  20.9 |      59 |       8 |  11.9
            +---------+---------+-------+---------+---------+-------
        D:1 |      27 |       0 |   0.0 |      16 |       0 |   0.0
        D:2 |      27 |       0 |   0.0 |      15 |       0 |   0.0
        D:3 |     184 |      19 |   9.4 |      25 |       4 |  13.8
        D:4 |      39 |       0 |   0.0 |       3 |       0 |   0.0
    Ossuary |       0 |      54 | 100.0 |       0 |       4 | 100.0
            +---------+---------+-------+---------+---------+-------
